 Dungeon Crawl Stone Soup version 0.22.0-38-g04b72b8 (webtiles) character file.

58 Lew the Sneak (level 4, 0/30 HPs)
             Began as an Octopode Assassin on Aug 30, 2018.
             Slain by an adder (2 damage)
             ... on level 2 of the Dungeon.
             The game lasted 00:03:09 (1158 turns).

Lew the Sneak (Octopode Assassin)                   Turns: 1158, Time: 00:03:12

Health: 0/30       AC:  1    Str:  7 (10) XL:     4   Next: 1%
Magic:  4/4        EV:  8    Int: 11 (13) God:
Gold:   78         SH: 12    Dex: 11 (12) Spells: 3/3 levels left

rFire    . . .     SeeInvis .   a - +2 dagger
rCold    . . .     Gourm    .   l - +3 large shield
rNeg     . . .     Faith    .   (helmet restricted)
rPois    .         Spirit   .   (no amulet)
rElec    .         Reflect  .   (no ring)
rCorr    .         Harm     .   (no ring)
MR       .....                  (no ring)
Stlth    ++++......             (no ring)
HPRegen  0.10/turn              (no ring)
MPRegen  0.09/turn              (no ring)
                                (no ring)
                                (no ring)

@: lethally poisoned (0 -> -9)
A: almost no armour, stealthy swim, amphibious, 8 rings, constrict 8, tentacle
spike 1, camouflage 1, clumsy 1, gelatinous body 1
a: no special abilities


You were on level 2 of the Dungeon.
You were hungry.

You visited 1 branch of the dungeon, and saw 2 of its levels.

You collected 78 gold pieces.

Inventory:

Hand Weapons
 a - a +2 dagger (weapon)
 b - a +0 blowgun
Missiles
 c - 8 poisoned needles
 d - 2 curare-tipped needles
Armour
 l - a +3 large shield (worn)
Jewellery
 k - a cursed -2 ring of strength {unknown}
Comestibles
 f - a ration


   Skills:
 + Level 2.5 Fighting
 + Level 2.5 Short Blades
 - Level 2.0 Throwing
 + Level 1.6 Dodging
 * Level 6.2 Stealth
 + Level 0.6 Shields


You had 3 spell levels left.
You didn't know any spells.
Your spell library was empty.

Dungeon Overview and Level Annotations

Branches:
Dungeon (2/15)

Altars:

Annotations:
D:2 Robin


Innate Abilities, Weirdness & Mutations

You cannot wear most types of armour.
You are very stealthy in the water. (Stealth+)
You are amphibious.
You can wear up to eight rings at the same time.
You can use your tentacles to constrict eight enemies at once.
Your skin changes colour to match your surroundings (Stealth+).
Your rubbery body absorbs attacks. (AC +1, EV +1)
One of your tentacles bears a spike.
You are clumsy. (Dex -2)


Message History

Robin says, "Kneel, worm!"
You block the adder's attack.
A goblin comes into view. It is wielding a club.
It was a potion of degeneration.
There was something very wrong with that liquid.
You feel weakened.
You feel dopey.
You feel clumsy.
You feel sick. The adder closely misses you.
You feel sick. You block the adder's attack.
You barely miss the adder. You grab the adder.
You pierce the adder, but do no damage.
You constrict the adder.
You feel sick. The adder bites you.
* * * LOW HITPOINT WARNING * * *
You block the adder's attack.
You completely miss the adder. You squeeze the adder.
The adder is lightly wounded.
You constrict the adder. The adder bites you.
* * * LOW HITPOINT WARNING * * *
You are more poisoned.
The adder poisons you! The adder bites you.
You die...

.#####..†..# ##...##
#..........# ##....[##
#.$........# #.......#
#..........# #.......#
#.)........## #.......#
..)))......g######......##
.........g...ggg##.......#
...........####S#........#
...........# #.@........#
...##.###### ##..#.....##
#..#..# ####.......##
......# ........####
###.....# #.##..# ...##..#
.####...# #...#


You could see Robin, an adder and 2 goblins.

Vanquished Creatures
  An adder (D:2)
  2 worms (D:2)
  2 dart slugs (D:1)
  2 leopard geckos (D:2)
  A giant cockroach (D:2)
  3 goblins (D:1)
  3 hobgoblins (D:2)
  4 jackals (D:1)
  7 kobolds
  4 bats
  3 frilled lizards
  7 rats
39 creatures vanquished.

Notes
Turn   | Place    | Note
-------+----------+-------------------------------------------
     0 | D:1      | Lew the Octopode Assassin began the quest for the Orb.
     0 | D:1      | Reached XP level 1. HP: 14/14 MP: 1/1
    28 | D:1      | Reached XP level 2. HP: 13/19 MP: 2/2
   512 | D:1      | Reached XP level 3. HP: 24/24 MP: 3/3
   779 | D:2      | Gained mutation: You are frail. (-10% HP) [potion of mutation]
   779 | D:2      | Gained mutation: One of your tentacles bears a spike. [potion of mutation]
   782 | D:2      | Lost mutation: One of your tentacles bears a spike. [potion of mutation]
   782 | D:2      | Lost mutation: You are frail. (-10% HP) [potion of mutation]
   782 | D:2      | Gained mutation: You are clumsy. (Dex -2) [potion of mutation]
   782 | D:2      | Gained mutation: One of your tentacles bears a spike. [potion of mutation]
   799 | D:2      | Reached skill level 6 in Stealth
  1030 | D:2      | Reached XP level 4. HP: 10/30 MP: 4/4
  1145 | D:2      | Noticed Robin
  1158 | D:2      | Slain by an adder

Skill      XL: |  1  2  3 |
---------------+----------+-----
Stealth        | 6 |  6.2
Fighting       | |  2.5
Short Blades   | |  2.5
Throwing       | |  2.0
Dodging        | |  1.6
Shields        | |  0.6

Action                   |  1- 3 |  4- 6 || total
-------------------------+-------+-------++-------
Melee: Dagger            |    72 |     3 ||    75
       Constrict         |    22 |     1 ||    23
       Tentacles         |     7 |     1 ||     8
       Kick              |    11 |     1 ||    12
  Use: Potion            |     4 |     1 ||     5
       Scroll            |     3 |     1 ||     4
 Stab: Sleeping          |    10 |       ||    10
Armor: Skin              |    10 |       ||    10
Dodge: Dodged            |    46 |     1 ||    47
Block: Large shield      |    17 |     5 ||    22
